 Dungeon Crawl Stone Soup version 0.26.1-2-gb8aa6d0cf2 (webtiles) character file.

Game seed: 8323014893043422834

52 FishyPogo the Gusty (level 3, -1/26 HPs)
             Began as a Draconian Air Elementalist on Feb 26, 2021.
             Slain by Crazy Yiuf
             ... wielding a +4 quarterstaff of chaos
              (7 damage)
             ... on level 2 of the Dungeon.
             The game lasted 00:08:24 (935 turns).

FishyPogo the Gusty (Draconian Air Elementalist)     Turns: 935, Time: 00:08:26

Health: -1/26      AC:  5    Str: 10    XL:     3   Next: 60%
Magic:  0/7        EV: 12    Int: 16    God:
Gold:   59         SH:  0    Dex: 11    Spells: 1/7 levels left

rFire    . . .     SeeInvis .   a - +0 dagger
rCold    . . .     Faith    .   (no shield)
rNeg     . . .     Spirit   .   (armour unavailable)
rPois    .         Reflect  .   (helmet restricted)
rElec    .         Harm     .   (no cloak)
rCorr    .         Rampage  .   (no gloves)
Will     .....                  (no boots)
Stlth    ++........             (no amulet)
HPRegen  0.08/turn              (no ring)
MPRegen  0.10/turn              (no ring)

@: no status effects
A: unfitting armour, cold-blooded, AC +5
a: no special abilities


You were on level 2 of the Dungeon.
You visited 1 branch of the dungeon, and saw 2 of its levels.

You collected 59 gold pieces.

Inventory:

Hand Weapons
 a - a +0 dagger (weapon)
Missiles
 d - 3 stones
Scrolls
 c - 3 scrolls of teleportation {unknown}
 f - a scroll of fog {unknown}
 h - a scroll of identify {unknown}
Potions
 b - a potion of curing {unknown}
 e - a potion of degeneration {unknown}
 g - a potion of might {unknown}
 i - a potion of resistance {unknown}


   Skills:
 - Level 2.0 Dodging
 - Level 2.0 Stealth
 * Level 2.7 Spellcasting
 * Level 2.1 Conjurations
 + Level 3.3 Air Magic


You had one spell level left.
You knew the following spells:

 Your Spells              Type           Power        Failure   Level
a - Shock                 Conj/Air       40%          6%          1
b - Static Discharge      Conj/Air       10%          19%         3
u - Swiftness             Air            12%          8%          2

Your spell library contained the following spells:

 Spells                   Type           Power        Failure   Level
 Airstrike                Air            6%           43%         4
 Lightning Bolt           Conj/Air       5%           86%         5


Dungeon Overview and Level Annotations

Branches:
Dungeon (2/15)

Altars:

Annotations:
D:2 Crazy Yiuf


Innate Abilities, Weirdness & Mutations

Your plain brown scales are hard. (AC +5)
You cannot fit into any form of body armour.
You are cold-blooded and may be slowed by cold attacks.


Message History

Press: ? - help, Shift-Dir - straight line
Okay, then.
Crazy Yiuf screams, "Castle green water!"
Casting: Shock (safe; 6% risk of failure)
Confirm with . or Enter, or press ? or * to list all spells.
Aiming: Shock (safe; 6% risk of failure)
Press: ? - help, Shift-Dir - straight line
Okay, then.
Crazy Yiuf yells, "Lay!
Cod shoe turtle."
Found a gilded ring.
Casting: Shock (safe; 6% risk of failure)
Confirm with . or Enter, or press ? or * to list all spells.
Aiming: Shock (safe; 6% risk of failure)
Press: ? - help, Shift-Dir - straight line The zap hits Crazy Yiuf.
Crazy Yiuf is severely wounded.
The zap hits Crazy Yiuf.
Crazy Yiuf is almost dead.
Crazy Yiuf hits you with a +4 quarterstaff of chaos!
You die...

#.......>..# ^#
#.......##.# .#
#.......# #
.###....####
.#......# .##.....#
#.#####.##.....##♣♣
#.......###.#...#.♣♣
♣ #@###.#.......♣♣♣♣
#.g..###.......♣..
#####.#.##.#♣.♣.♣♣
##.#####♣♣♣♣♣ ###


You could see Crazy Yiuf.

Vanquished Creatures
  Robin (D:2)
  2 bats (D:1)
  2 giant cockroaches
  14 goblins
  3 hobgoblins (D:1)
  4 jackals (D:2)
  A quokka (D:2)
  A frilled lizard (D:1)
  2 kobolds (D:1)
  5 rats
35 creatures vanquished.

Notes
Turn   | Place    | Note
-------+----------+-------------------------------------------
     0 | D:1      | FishyPogo the Draconian Air Elementalist began the quest
                  | for the Orb.
     0 | D:1      | Reached XP level 1. HP: 14/14 MP: 3/3
   167 | D:1      | Reached XP level 2. HP: 20/20 MP: 1/5
   171 | D:1      | Learned a level 2 spell: Swiftness
   745 | D:2      | Noticed Robin
   748 | D:2      | Reached XP level 3. HP: 26/26 MP: 4/6
   751 | D:2      | Killed Robin
   875 | D:2      | Found a runed translucent door.
   876 | D:2      | Noticed Crazy Yiuf
   912 | D:2      | Learned a level 3 spell: Static Discharge
   935 | D:2      | Slain by Crazy Yiuf

Illustrated notes

Levels and vault maps discovered:
D:1:      heliophobic_arrival_henge, layout_rooms,
          chequers_serial_rivers_small_3
D:2:      layout_loops_ring, corner_web_ring, uniq_crazy_yiuf_cottage,
          uniq_robin

Skill      XL: |  1  2  3 |
---------------+----------+-----
Dodging        | 2 |  2.0
Stealth        | 2 |  2.0
Conjurations   | 2 |  2.1
Spellcasting   | |  2.7
Air Magic      | |  3.3

Action                   || total
-------------------------++-------
Melee: Tailslap          ||     2
       Unarmed           ||     1
       Dagger            ||    33
 Cast: Shock             ||    50
       Static Discharge  ||     2
 Stab: Sleeping          ||     1
Armor: Skin              ||    22
Dodge: Dodged            ||    48
